 Dungeon Crawl Stone Soup version 0.24.0-37-gcf1ca852f1 (webtiles) character file.

Game seed: 326976166045369500, levelgen mode: deterministic

178 FishyPogo the Insei (level 5, 0/41 HPs)
             Began as a Gnoll Transmuter on Nov 21, 2019.
             Slain by a jackal (2 damage)
             ... while paralysed by Grinder
             ... on level 3 of the Dungeon.
             The game lasted 00:07:54 (2094 turns).

FishyPogo the Insei (Gnoll Transmuter)              Turns: 2094, Time: 00:07:55

Health: 0/41       AC:  2    Str: 13    XL:     5   Next: 58%
Magic:  9/12       EV:  5    Int: 15    God:
Gold:   133        SH:  0    Dex: 21    Spells: 0/14 levels left

rFire    . . .     SeeInvis .     - Unarmed
rCold    . . .     Gourm    .   (shield currently unavailable)
rNeg     . . .     Faith    .   (armour currently unavailable)
rPois    x         Spirit   .   (helmet currently unavailable)
rElec    .         Reflect  .   (cloak currently unavailable)
rCorr    .         Harm     .   (gloves currently unavailable)
MR       .....                  (boots currently unavailable)
Stlth    ++........             (no amulet)
HPRegen  0.13/turn              (no ring)
MPRegen  0.13/turn              (no ring)

@: paralysed, spider-form, very slightly contaminated
A: tiny, distributed training, strong nose
a: End Transformation


You were on level 3 of the Dungeon.
You were not hungry.
You were a venomous arachnid creature.
You visited 1 branch of the dungeon, and saw 3 of its levels.

You collected 133 gold pieces.

Inventory:

Hand Weapons
 n - a +2 dagger of venom (melded)
Missiles
 a - 75 arrows
 g - 97 stones (quivered)
 j - 34 poisoned darts
Armour
 b - a +0 robe (melded)
Scrolls
 e - a scroll of immolation {unknown}
 f - 7 scrolls of identify {unknown}
 k - a scroll of fog {unknown}
 l - a scroll of remove curse {unknown}
 p - a scroll of blinking {unknown}
 r - a scroll of teleportation {unknown}
Potions
 h - 2 potions of curing {unknown}
 i - a potion of heal wounds {unknown}
 m - 4 potions of might {unknown}
 o - a potion of haste {unknown}
 q - a potion of ambrosia {unknown}
 s - a potion of resistance {unknown}
Comestibles
 c - a chunk of flesh
 d - 5 rations


   Skills:
 + Level 3.0 Fighting
 + Level 1.5 Short Blades
 + Level 1.5 Long Blades
 + Level 1.5 Axes
 + Level 1.5 Maces & Flails
 + Level 1.5 Polearms
 + Level 1.5 Staves
 + Level 1.5 Slings
 + Level 1.5 Bows
 + Level 1.5 Crossbows
 + Level 1.5 Throwing
 + Level 1.5 Armour
 + Level 4.8 Dodging
 + Level 1.5 Stealth
 + Level 1.5 Shields
 + Level 6.7 Unarmed Combat
 + Level 5.2 Spellcasting
 + Level 1.2 Conjurations
 + Level 1.2 Hexes
 + Level 1.2 Charms
 + Level 1.2 Summonings
 + Level 1.2 Necromancy
 + Level 1.2 Translocations
 + Level 4.0 Transmutations
 + Level 1.2 Fire Magic
 + Level 1.2 Ice Magic
 + Level 1.2 Air Magic
 + Level 1.2 Earth Magic
 + Level 1.2 Poison Magic
 + Level 1.7 Invocations
 + Level 1.5 Evocations


You couldn't memorise any spells.
You knew the following spells:

 Your Spells              Type           Power        Failure   Level  Hunger
c - Mephitic Cloud        Conj/Pois/Air  #.......     50%         3    ###....
j - Conjure Flame         Conj/Fire      #.......     50%         3    ###....
p - Ice Form              Ice/Tmut       ##......     71%         4    ####...
u - Spider Form           Tmut/Pois      ##........   36%         3    ###....
y - Beastly Appendage     Tmut           ###...       11%         1    None

Your spell library contained the following spells:

 Spells                   Type           Power        Failure   Level  Hunger
 Sticks to Snakes         Tmut           ###.....     14%         2    ##.....
 Magic Dart               Conj           #...         24%         1    None
 Blink                    Tloc           N/A          32%         2    ##.....
 Call Imp                 Summ           #.......     32%         2    ##.....
 Slow                     Hex            #.......     32%         2    ##.....
 Blade Hands              Tmut           ###.......   83%         5    ######.


Dungeon Overview and Level Annotations

Branches:
Dungeon (3/15)

Altars:

Annotations:
D:3 Grinder


Innate Abilities, Weirdness & Mutations

Your experience applies equally to all skills.
((You have very sharp teeth.))
Your uncanny sense of smell can sniff out nearby items.


Message History

Grinder is heavily wounded.
A jackal comes into view.
Grinder completely misses you. The rat bites you.
You bite Grinder!
Grinder is severely wounded.
The jackal closely misses you.
A jackal comes into view.
Grinder gestures at you.
You suddenly lose the ability to move!
The jackal bites you.
The rat twitches its whiskers.
The rat bites you but does no damage. The jackal bites you. Grinder hits you.
You writhe in agony.
The rat bites you.
The jackal barks!
The jackal bites you. Grinder gestures at you. Pain shoots through your body!
* * * LOW HITPOINT WARNING * * *
The rat bites you but does no damage. The jackal bites you.
You die...

#...........##.#.#.#.#.#.
#........................
#...............#.#.#.#.#
#......?..............)..
######.............^.
.####.##
#...()...............
#...
#....................
####
#.........###5h......
#.........# #srh.....
#.........# #...h....
#.........# #........
#.........# #........
#.........# ########.
#######


You could see Grinder, 3 jackals and a rat.

Vanquished Creatures
  7 gnolls (D:2)
  4 adders
  2 oozes
  2 worms (D:2)
  A dart slug (D:3)
  4 leopard geckos
  An orc (D:3)
  4 goblins (D:1)
  6 hobgoblins
  2 jackals (D:1)
  10 kobolds
  A quokka (D:3)
  3 ball pythons
  5 bats
  A frilled lizard (D:2)
  7 rats
60 creatures vanquished.

Notes
Turn   | Place    | Note
-------+----------+-------------------------------------------
     0 | D:1      | FishyPogo the Gnoll Transmuter began the quest for the Orb.
     0 | D:1      | Reached XP level 1. HP: 17/17 MP: 6/6
   108 | D:1      | Reached XP level 2. HP: 13/23 MP: 5/7
   553 | D:1      | Reached XP level 3. HP: 28/28 MP: 7/9
   558 | D:1      | Reached skill level 5 in Spellcasting
   778 | D:2      | Reached skill level 1 in Invocations
   872 | D:2      | Reached skill level 1 in Short Blades
   872 | D:2      | Reached skill level 1 in Long Blades
   872 | D:2      | Reached skill level 1 in Axes
   872 | D:2      | Reached skill level 1 in Maces & Flails
   872 | D:2      | Reached skill level 1 in Polearms
   872 | D:2      | Reached skill level 1 in Staves
   872 | D:2      | Reached skill level 1 in Slings
   872 | D:2      | Reached skill level 1 in Bows
   872 | D:2      | Reached skill level 1 in Crossbows
   872 | D:2      | Reached skill level 1 in Throwing
   872 | D:2      | Reached skill level 1 in Armour
   872 | D:2      | Reached skill level 1 in Stealth
   872 | D:2      | Reached skill level 1 in Shields
   872 | D:2      | Reached skill level 1 in Evocations
  1105 | D:2      | Learned a level 3 spell: Spider Form
  1110 | D:2      | Reached XP level 4. HP: 33/34 MP: 9/11
  1393 | D:2      | Reached skill level 1 in Conjurations
  1393 | D:2      | Reached skill level 1 in Hexes
  1393 | D:2      | Reached skill level 1 in Charms
  1393 | D:2      | Reached skill level 1 in Summonings
  1393 | D:2      | Reached skill level 1 in Necromancy
  1393 | D:2      | Reached skill level 1 in Translocations
  1393 | D:2      | Reached skill level 1 in Fire Magic
  1393 | D:2      | Reached skill level 1 in Ice Magic
  1393 | D:2      | Reached skill level 1 in Air Magic
  1393 | D:2      | Reached skill level 1 in Earth Magic
  1393 | D:2      | Reached skill level 1 in Poison Magic
  1596 | D:2      | Reached XP level 5. HP: 28/40 MP: 9/12
  1609 | D:2      | Learned a level 4 spell: Ice Form
  1805 | D:3      | Learned a level 3 spell: Mephitic Cloud
  1809 | D:3      | Learned a level 3 spell: Conjure Flame
  2072 | D:3      | Noticed Grinder
  2091 | D:3      | Paralysed by Grinder for 4 turns
  2093 | D:3      | HP: 2/41 [Grinder/nerve-wracking pain (11)]
  2094 | D:3      | Slain by a jackal

Levels and vault maps discovered:
D:1:      scummos_arrival_forest, layout_loops_ring, st_stairs_7,
          minmay_misc_feat_cross, minivault_25
D:2:      layout_basic
D:3:      layout_basic, st_stairs_6, hex_large, uniq_grinder

Skill      XL: |  1  2  3  4  5 |
---------------+----------------+-----
Spellcasting   | 5 |  5.2
Invocations    | 1 |  1.7
Short Blades   | 1 |  1.5
Long Blades    | 1 |  1.5
Axes           | 1 |  1.5
Maces & Flails | 1 |  1.5
Polearms       | 1 |  1.5
Staves         | 1 |  1.5
Slings         | 1 |  1.5
Bows           | 1 |  1.5
Crossbows      | 1 |  1.5
Throwing       | 1 |  1.5
Armour         | 1 |  1.5
Stealth        | 1 |  1.5
Shields        | 1 |  1.5
Evocations     | 1 |  1.5
Conjurations   | 1 |  1.2
Hexes          | 1 |  1.2
Charms         | 1 |  1.2
Summonings     | 1 |  1.2
Necromancy     | 1 |  1.2
Translocations | 1 |  1.2
Fire Magic     | 1 |  1.2
Ice Magic      | 1 |  1.2
Air Magic      | 1 |  1.2
Earth Magic    | 1 |  1.2
Poison Magic   | 1 |  1.2
Fighting       | 3 |  3.0
Transmutations | 4 |  4.0
Dodging        | |  4.8
Unarmed Combat | |  6.7

Action                   |  1- 3 |  4- 6 || total
-------------------------+-------+-------++-------
Melee: Unarmed           |    54 |    34 ||    88
       Kick              |    15 |     3 ||    18
       Bite              |     6 |     6 ||    12
       Dagger            |    25 |    41 ||    66
       Headbutt          |     8 |     1 ||     9
       Whip              |     6 |       ||     6
       Punch             |       |     2 ||     2
Throw: Stone             |     2 |       ||     2
 Cast: Beastly Appendage |    19 |     6 ||    25
       Spider Form       |       |     7 ||     7
       Mephitic Cloud    |       |     1 ||     1
 Stab: Sleeping          |     2 |     1 ||     3
  Eat: Chunk             |     1 |     3 ||     4
Armor: Robe              |    10 |     1 ||    11
       Skin              |       |     2 ||     2
Dodge: Dodged            |    38 |    57 ||    95
